 Dungeon Crawl Stone Soup version 0.30.1-11-g7821555f0a (webtiles) character file.

Game seed: 14817776839363589856

88 Okkudo the Chopper (level 4, -5/41 HPs)
             Began as a Hill Orc Monk on Dec 5, 2023.
             Killed from afar by a white imp (6 damage)
             ... with a puff of frost
             ... on level 3 of the Dungeon.
             The game lasted 00:06:19 (1372 turns).

Okkudo the Chopper (Hill Orc Monk)                  Turns: 1372, Time: 00:06:20

Health: -5/41      AC:  6    Str: 15    XL:     4   Next: 53%
Magic:  4/4        EV: 10    Int: 10    God:
Gold:   136        SH:  0    Dex: 13    Spells: 3/3 levels left

rFire   . . .        a - +0 hand axe
rCold   . . .        d - orb {light}
rNeg    . . .        h - +0 scale mail
rPois   .            (no helmet)
rElec   .            (no cloak)
rCorr   .            (no gloves)
SInv    .            (no boots)
Will    +....        (no amulet) Stlth
                     j - ring of willpower
HPRegen 0.26/turn    (no ring)
MPRegen 0.09/turn

%: no passive effects
@: lethally poisoned (-5 -> -8), glowing
A: no striking features
a: no special abilities


You were on level 3 of the Dungeon.
You visited 1 branch of the dungeon, and saw 3 of its levels.

You collected 136 gold pieces.

Inventory:

Hand Weapons
 a - a +0 hand axe (weapon)
Armour
 d - an orb of light (worn)
 h - a +0 scale mail (worn)
Jewellery
 j - a ring of willpower (left hand)
 p - an amulet of magic regeneration
Scrolls
 b - a scroll of vulnerability {unknown}
 e - a scroll of enchant armour {unknown}
 f - a scroll of amnesia {unknown}
 g - 4 scrolls of identify {unknown}
 i - 4 scrolls of teleportation {unknown}
 k - a scroll of enchant weapon {unknown}
 l - a scroll of noise {unknown}
 o - a scroll of blinking {unknown}
Potions
 c - a potion of ambrosia
 m - a potion of attraction {unknown}
 n - a potion of curing {unknown}


   Skills:
 + Level 4.6 Fighting
 + Level 5.1 Axes
 + Level 3.1 Dodging


You had 3 spell levels left.
You didn't know any spells.
Your spell library was empty.

Dungeon Overview and Level Annotations

Branches:
Dungeon (3/15)

Altars:
Yredelemnul

Portals:
Sewer: D:3


Message History

You are poisoned.
The adder poisons you! The white imp gestures at you.
The puff of frost hits you!
* * * LOW HITPOINT WARNING * * *
The adder closely misses you.
You closely miss the adder.
The adder is severely wounded.
You hit the worm but do no damage. You hit the white imp but do no damage.
You hit the goblin.
You kill the goblin!
You feel sick. The white imp hits you.
* * * LOW HITPOINT WARNING * * *
The white imp freezes you.
* * * LOW HITPOINT WARNING * * *
The adder bites you but does no damage.
You barely miss the adder.
The adder is severely wounded.
You hit the white imp. You hit the worm.
You feel sick. The adder bites you but does no damage.
The white imp gestures at you.
The puff of frost hits you but does no damage.
The worm bites you but does no damage. The adder bites you.
* * * LOW HITPOINT WARNING * * *
You are lethally poisoned!
The adder poisons you! The white imp misses you.
You closely miss the adder.
The adder is severely wounded.
You hit the white imp but do no damage. You hit the worm but do no damage.
* * * LOW HITPOINT WARNING * * *
You feel sick. The adder bites you but does no damage.
The white imp barely misses you. The worm bites you but does no damage.
You hit the adder.
You kill the adder!
You hit the worm. You hit the white imp but do no damage. You hit the kobold.
* * * LOW HITPOINT WARNING * * *
You feel sick. The white imp gestures at you. The puff of frost hits you.
You die...

#...........#.......
#...........#.....######
#.##########....##.....#
..# #####...###.......
.## #.....#..#........ .
#..####...#........ # #.
# #.#.#........
#...#..w5...... ##.
#..g#...)@K...... ...
....####..##B##.... #
.## #..#~B~#.... #
#..#~~~#.... #
#..#~∩~#.... #
#..#~~~#.... #
#..#~~~#.... #
#..#####...# .


You could see a worm, a white imp, 2 giant cockroaches and a kobold.

Vanquished Creatures
  4 adders
  A worm (D:3)
  6 orcs (D:3)
  3 ball pythons
  5 bats (D:1)
  2 endoplasms
  3 giant cockroaches
  7 goblins
  6 hobgoblins
  2 kobolds
  2 quokkas
  3 frilled lizards
  4 rats
48 creatures vanquished.

Notes
Turn   | Place    | Note
-------+----------+-------------------------------------------
     0 | D:1      | Okkudo the Hill Orc Monk began the quest for the Orb.
     0 | D:1      | Reached XP level 1. HP: 19/19 MP: 1/1
   130 | D:1      | Reached XP level 2. HP: 27/27 MP: 2/2
   635 | D:2      | Reached XP level 3. HP: 10/33 MP: 3/3
   681 | D:2      | Found a basalt altar of Yredelemnul.
  1298 | D:3      | Reached XP level 4. HP: 40/41 MP: 4/4
  1321 | D:3      | Reached skill level 5 in Axes
  1358 | D:3      | Found a glowing drain.
  1371 | D:3      | HP: 2/41 [poisoned by an adder]
  1372 | D:3      | Killed from afar by a white imp

Illustrated notes

Levels and vault maps discovered:
D:1:      tarquinn_simple_flora_water_a, layout_rooms
D:2:      layout_basic, basic_altar, solitary_fountain,
          amcnicky_mini_corridor_feature
D:3:      layout_rooms, tso_altar, gup_sewer_entry_glass,
          chequers_serial_rivers_small_a

Skill      XL: |  1  2  3  4 |
---------------+-------------+-----
Fighting       | 4 |  4.6
Dodging        | 3 |  3.1
Axes           | 5 |  5.1

Action                     |  1- 3 |  4- 6 || total
---------------------------+-------+-------++-------
  Melee: Hand axe          |    91 |    25 ||   116
 Armour: Leather armour    |    10 |       ||    10
         Scale mail        |    34 |    15 ||    49
  Dodge: Dodged            |    53 |    19 ||    72
